[Event "*** Titled Tuesday Blitz"]
[Site "Chess.com"]
[Date "2020.04.07"]
[Round "4"]
[White "csati17"]
[Black "Lord_Neezy"]
[Result "1/2-1/2"]
[WhiteElo "2476"]
[BlackElo "2319"]
[TimeControl "180+1"]
[EndTime "13:41:45 PDT"]
[Termination "Game drawn by repetition"]

1. c4 e6 2. Nf3 d5 3. g3 Nf6 4. Bg2 Be7 5. O-O O-O 6. b3 b6 7. Bb2 Bb7 8. e3 c5 9. d4 Nc6 10. Nc3 dxc4 11. bxc4 cxd4 12. Nxd4 Rc8 13. Qa4 Qc7 14.
Ncb5 Qb8 15. Nxc6 Bxc6 16. Bxc6 Rxc6 17. Nxa7 Rc5 18. Nc6 Rxc6 19. Qxc6 Rc8 20. Qb5 Rc5 21. Qb3 Ne4 22. Ba3 Rc7 23. Bxe7 Rxe7 24. Rab1 Rb7 25.
Rfd1 h6 26. Qd3 Qe5 27. Rb5 Nc5 28. Qd8+ Kh7 29. Qd4 Qh5 30. Rxc5 bxc5 31. Qe4+ f5 32. Qxb7 Qxd1+ 33. Kg2 Qd3 34. Qb3 Qe4+ 35. f3 Qe5 36. a4 Qd6 37. Qc2 Qa6 38. e4 fxe4 39. Qxe4+ Kg8 40.
Qc2 Qa5 41. Qe2 Kf7 42. Qd1 Qb4 43. Qd7+ Kf6 44. Qd8+ Kf7 45. Qc7+ Kf6 46. Qf4+ Kg6 47. Qe4+ Kf6 48. Qc2 Kf7 49. h4 Kf6 50. h5 Kf7 51.
Qg6+ Kf8 52. Qxe6 Qxa4 53. Qd6+ Kf7 54. Qxc5 Qc2+ 55. Kh3 Qe2 56. Qd5+ Kf8 57. Qf5+ Kg8 58. Qc8+ Kh7 59. Qf5+ Kh8 60. c5 Qf1+ 61. Kg4 Qc4+ 62. f4 Qe2+ 63. Kh3 Qf1+ 64. Kh2 Qf2+ 65. Kh1 Qf1+ 66. Kh2 Qf2+ 67. Kh3 Qf1+ 68. Kh4 Qh1+ 69. Kg4 Qd1+ 70. Kh3 Qf1+ 1/2-1/2

[Event "*** Titled Tuesday Blitz"]
[Site "Chess.com"]
[Date "2020.04.07"]
[Round "4"]
[White "Hanging_pointer"]
[Black "Tormoz"]
[Result "1-0"]
[WhiteElo "2516"]
[BlackElo "2652"]
[TimeControl "180+1"]
[EndTime "13:41:46 PDT"]
[Termination "Hanging_pointer won by resignation"]

1. d4 d5 2. c4 e6 3. Nf3 Nf6 4. g3 Bb4+ 5. Bd2 a5 6. Bg2 O-O 7. O-O dxc4 8. Qc2 b5 9. a4 c6 10. axb5 Bxd2 11. Nfxd2 Bb7 12. Nxc4 Qxd4 13. Rd1 Qc5 14.
Nba3 a4 15. Rac1 Nd5 16. bxc6 Nxc6 17. Qb1 Rfd8 18. Ne5 Qb6 19. Nxc6 Bxc6 20. Nc4 Qa6 21. Ne5 Bb7 22. e3 Nb4 23. Bxb7 Qxb7 24. Rxd8+ Rxd8 25. Rd1 Rd5 26. Qc1 f6 27. Nc4 Qc6 28. Na3 Qxc1 29. Rxc1 Rd2 30. Nc4 Re2 31. Kf1 Rxf2+ 32. Kxf2 Nd3+ 33.
Ke2 Nxc1+ 34. Kd2 Na2 35. Nb6 Kf7 36. Nxa4 e5 37. Nc5 Ke7 38. e4 Kd6 39. Nd3 f5 40.
exf5 e4 41. Nf2 Ke5 42. Ke3 Kxf5 43. Nxe4 Nb4 44. Nc3 Kg4 45. Kf2 h5 46. Kg2 g5 47.
h3+ Kf5 48. Nd1 Nd3 49. b3 Ke4 50. Nf2+ Kd4 51. Nxd3 Kxd3 52. Kf3 Kc3 53. Ke4 Kxb3 54. Kf5 h4 55. g4 1-0

[Event "*** Titled Tuesday Blitz"]
[Site "Chess.com"]
[Date "2020.04.07"]
[Round "4"]
[White "GMNeiksans"]
[Black "NIGWAPO"]
[Result "1/2-1/2"]
[WhiteElo "2836"]
[BlackElo "2592"]
[TimeControl "180+1"]
[EndTime "13:41:48 PDT"]
[Termination "Game drawn - insufficient material"]

1. e4 g5 2. d4 d5 3. exd5 Qxd5 4. Nc3 Qe6+ 5. Be2 h6 6. Nf3 c6 7. O-O Bg7 8. Re1 Qd6 9. Ne4 Qd5 10. Bd3 Bg4 11.
c4 Qd7 12. h3 Bh5 13. Ng3 Bxf3 14. Qxf3 e6 15. d5 Na6 16. Nf5 Bf6 17. Ng3 Nc7 18. dxc6 Qxc6 19. Be4 Qxc4 20. Bxb7 Rd8 21. Be3 Nd5 22. Rac1 Qd3 23. Rcd1 Qb5 24. Bxd5 Rxd5 25. Rxd5 Qxd5 26. Qxd5 exd5 27. Bxg5+ Kd7 28. Be3 Bxb2 29. Rb1 Be5 30. Rb7+ Ke6 31. f4 Bd6 32. Bd4 Bxf4 33. Bxh8 Bxg3 34. Rxa7 f6 35. Bg7 Be5 36. Kf1 d4 37. Ke2 h5 38. Bf8 f5 39. Bb4 Nf6 40. Ra6+ Kd5 41. Ra5+ Ke4 42. Bd2 Nd5 43. a4 d3+ 44. Kd1 f4 45. Rb5 Ne3+ 46. Kc1 Nxg2 47. Rb4+ Kd5 48. Rb7 f3 49. Rf7 Ke4 50. a5 Nf4 51.
Be1 Bd4 52. Re7+ Kf5 53. a6 f2 54. Bxf2 Bxf2 55. Kd2 Bc5 56. Rf7+ Ke4 57. Rc7 Be3+ 58. Kd1 Nxh3 59. Re7+ Kf3 60. Rf7+ Kg3 61. a7 Bxa7 62.
Rxa7 Nf4 63. Kd2 h4 64. Rg7+ Kf3 65. Rh7 Kg4 66. Rg7+ Kf3 67. Rh7 h3 68. Rxh3+ Nxh3 69. Kxd3 1/2-1/2

[Event "*** Titled Tuesday Blitz"]
[Site "Chess.com"]
[Date "2020.04.07"]
[Round "4"]
[White "gvanna"]
[Black "freshfoodcompany"]
[Result "1-0"]
[WhiteElo "2456"]
[BlackElo "2259"]
[TimeControl "180+1"]
[EndTime "13:41:49 PDT"]
[Termination "gvanna won by checkmate"]

1. e4 c5 2. Nf3 Nc6 3. Nc3 e5 4.
Bc4 d6 5. O-O Be7 6. d3 Be6 7. h3 Nf6 8. Be3 O-O 9. a3 d5 10.
exd5 Nxd5 11. Nxd5 Bxd5 12. Bb5 Bxf3 13. Qxf3 Nd4 14. Bxd4 Qxd4 15. c3 Qd6 16. Rfe1 a6 17.
Bc4 b5 18. Bd5 Rad8 19. c4 Bf6 20. Rab1 Bg5 21. b4 Bf6 22. Qe3 bxc4 23. dxc4 cxb4 24. axb4 Rb8 25. Qa3 Be7 26. Qa2 Rxb4 27. Rxb4 Qxb4 28. Rxe5 Bf6 29. Re3 Bd4 30. Rf3 Qe1+ 31. Kh2 Qe5+ 32.
g3 Qd6 33. Rd3 Qc5 34. Kg2 a5 35. Qd2 Bf6 36. Qa2 h6 37. Ra3 Qd4 38. Rxa5 Bd8 39. Ra7 Bb6 40. Rd7 Qf6 41. Qe2 Bc5 42. Rc7 Bd4 43. Rc6 Qe5 44. Qd2 Ba7 45. Ra6 Bc5 46.
Ra5 Qd6 47. Rb5 Ba3 48. Qe2 Bc5 49. Qf3 Ba3 50. Rb7 Bc5 51. Rxf7 Rxf7 52. Qxf7+ Kh8 53.
Qe8+ Kh7 54. Be4+ g6 55. Qf7+ Kh8 56. Bxg6 Qc6+ 57. Kg1 Qd6 58. Qh7# 1-0

[Event "*** Titled Tuesday Blitz"]
[Site "Chess.com"]
[Date "2020.04.07"]
[Round "4"]
[White "matiss90"]
[Black "IMinTheWings"]
[Result "1-0"]
[WhiteElo "2516"]
[BlackElo "2197"]
[TimeControl "180+1"]
[EndTime "13:41:51 PDT"]
[Termination "matiss90 won by checkmate"]

1. e4 e6 2. d4 d5 3. Nc3 Nf6 4.
Bg5 Bb4 5. exd5 exd5 6. Bd3 h6 7. Bh4 g5 8. Bg3 Be6 9. Ne2 c6 10. a3 Bd6 11. Qd2 Qc7 12. O-O-O Nbd7 13. Bxd6 Qxd6 14. f4 gxf4 15. Qxf4 Qe7 16. Ng3 O-O-O 17. Rhe1 Ng4 18. Qxg4 Bxg4 19. Rxe7 Bxd1 20. Nxd1 Rhf8 21. Bf5 Kc7 22. Nh5 Kd6 23. Re2 Nb6 24. Nf6 Nc8 25. Bxc8 Rxc8 26.
Ne3 Ke6 27. Nexd5+ Kf5 28. g4+ Kg6 29. Ne7+ Kxf6 30.
Nxc8 Rxc8 31. Kd2 Rd8 32. Kd3 Rd5 33. h4 c5 34. c3 b5 35. Ke4 Ke6 36. Kf4+ Kf6 37.
Re5 Rxe5 38. dxe5+ Ke6 39. b4 c4 40. Ke4 a6 41. Kf4 f6 42. exf6 Kxf6 43. g5+ hxg5+ 44. hxg5+ Kg6 45. Kg4 Kg7 46. Kf5 Kf7 47. Ke5 Kg6 48. Kf4 Kg7 49. Kf5 Kf7 50. g6+ Kg7 51. Kg5 Kg8 52.
Kf6 Kf8 53. g7+ Kg8 54. Kg6 a5 55. bxa5 b4 56. cxb4 c3 57. a6 c2 58. a7 c1=B 59.
a8=Q# 1-0

[Event "*** Titled Tuesday Blitz"]
[Site "Chess.com"]
[Date "2020.04.07"]
[Round "4"]
[White "eightbyeightchess"]
[Black "MixMasterChess"]
[Result "1-0"]
[WhiteElo "2346"]
[BlackElo "2098"]
[TimeControl "180+1"]
[EndTime "13:41:51 PDT"]
[Termination "eightbyeightchess won on time"]

1. e4 e6 2. d4 d5 3. e5 c5 4. c3 Nc6 5. Nf3 Bd7 6. Bd3 cxd4 7. cxd4 Qb6 8. O-O Nxd4 9. Nxd4 Qxd4 10. Qb3 Rb8 11.
Be3 Qxe5 12. Bxa7 Rc8 13. Qxb7 Qc7 14. Qxc7 Rxc7 15. Bd4 Nf6 16. Be5 Ra7 17. Nc3 Bc5 18.
Nb5 Ra4 19. b3 Rb4 20. Rfc1 Bxf2+ 21. Kf1 Bb6 22. Nd6+ Ke7 23. Nb7 Ne4 24. Bc7 Bd4 25.
Bxe4 Rxb7 26. Bxd5 exd5 27. Re1+ Be6 28. Rac1 Rc8 29.
Bg3 Rxc1 30. Rxc1 Kd7 31. Rd1 Bf6 32. h3 Ra7 33. a4 Rb7 34. Rc1 Bd8 35. Rc3 Ba5 36.
Rd3 Ke7 37. Bf2 Bb6 38. Be1 Bc5 39. b4 Bxb4 40. Rb3 d4 41. Rxb4 Rxb4 42. Bxb4+ Kd7 43. Bc5 d3 44. Bd4 g6 45. Ke1 Kc6 46. Kd2 Bc4 47. Kc3 Ba6 48. Be3 Kd5 49. Bd2 Ke4 50. Kb4 Kd5 51.
Ka5 Bc8 52. Kb6 Kc4 53. a5 Be6 54. a6 Bd5 55. g3 Kb3 56. Kc5 Bg2 57. Kd4 Kc2 58.
Ke3 1-0

[Event "*** Titled Tuesday Blitz"]
[Site "Chess.com"]
[Date "2020.04.07"]
[Round "4"]
[White "Arman_Hakemi"]
[Black "Orange_Ghost"]
[Result "1-0"]
[WhiteElo "2604"]
[BlackElo "2734"]
[TimeControl "180+1"]
[EndTime "13:41:52 PDT"]
[Termination "Arman_Hakemi won by resignation"]

1. Nf3 Nf6 2. b3 d6 3. d4 g6 4. Bb2 Bg7 5. g3 O-O 6. Bg2 c5 7. c4 Ne4 8. O-O Nc6 9. e3 f5 10. Qe2 cxd4 11. Nxd4 Bd7 12. Nxc6 Bxc6 13. Bxg7 Kxg7 14.
Qb2+ Rf6 15. Nc3 Qa5 16. Nxe4 Bxe4 17. Rfd1 Rf8 18. Qd2 Qb6 19. Qd4 Qc6 20. Bf1 b6 21.
Rac1 h5 22. h4 e5 23. Qd2 f4 24.
exf4 exf4 25. Qd4 fxg3 26. fxg3 Kh7 27. Rd2 Bh1 28. Bg2 Bxg2 29. Rxg2 Qf3 30. Kh2 R8f7 31.
Rcc2 Qc6 32. Rcf2 Rf3 33. Rxf3 Rxf3 34. Rf2 Rxf2+ 35. Qxf2 Kg7 36. Qd4+ Kf7 37. Qf4+ Kg7 38. Qd4+ Kf7 39. Qf4+ Ke6 40. g4 Qc5 41. Qe4+ Kf7 42.
Qf4+ Kg7 43. g5 Kg8 44. Qf6 Qe5+ 45. Qxe5 dxe5 46. Kg3 Kf7 47. Kf3 Ke6 48. Ke4 Kd6 49. b4 a6 50. c5+ bxc5 51. bxc5+ Kxc5 52. Kxe5 Kb4 53. Kf6 Ka3 54. Kxg6 Kxa2 55. Kxh5 a5 56. g6 a4 57. g7 a3 58. g8=Q+ Ka1 59. Kg5 a2 60. h5 Kb1 61. Qxa2+ Kc1 62. h6 Kd1 63. h7 1-0

[Event "*** Titled Tuesday Blitz"]
[Site "Chess.com"]
[Date "2020.04.07"]
[Round "4"]
[White "Teidi96"]
[Black "Lony7"]
[Result "0-1"]
[WhiteElo "2217"]
[BlackElo "2456"]
[TimeControl "180+1"]
[EndTime "13:41:52 PDT"]
[Termination "Lony7 won by resignation"]

1. e4 e6 2. d4 d5 3. Nd2 c5 4. exd5 Qxd5 5. Ngf3 cxd4 6. Bc4 Qd7 7.
Qe2 Nc6 8. Nb3 a6 9. a4 Qc7 10.
O-O Bd6 11. h3 Nge7 12. Nbxd4 Nxd4 13. Nxd4 O-O 14. Be3 Ng6 15. Rfd1 b6 16. Bd3 Bb7 17. Bxg6 hxg6 18. Rd2 Rfd8 19. Rad1 Be7 20. Nf3 Bd5 21. b3 Bb4 22. Rd3 Rac8 23. c4 Bb7 24. Bg5 Rxd3 25.
Qxd3 f6 26. Bh4 g5 27. Bg3 Qe7 28. Qd7 Qxd7 29. Rxd7 Bxf3 30. gxf3 e5 31. h4 gxh4 32. Bxh4 Rc6 33. Bg3 Rd6 34. Rxd6 Bxd6 35. Kg2 Kf7 36. Kh3 g5 37. Kg4 Kg6 38. Bh2 Bc5 39.
Kg3 a5 40. f4 gxf4+ 41. Kg4 Bxf2 42. Kf3 Bc5 43. Ke4 Kg5 44. Kf3 f5 45. Kg2 Kg4 46. Kf1 Bd4 47. Bg1 Bxg1 48. Kxg1 Kf3 49. b4 axb4 50.
c5 b3 51. c6 b2 52. c7 b1=Q+ 53. Kh2 Qc2+ 54. Kh3 Qg2+ 0-1

[Event "*** Titled Tuesday Blitz"]
[Site "Chess.com"]
[Date "2020.04.07"]
[Round "4"]
[White "Bryakin_Mikhail"]
[Black "enriquetejedor"]
[Result "0-1"]
[WhiteElo "2740"]
[BlackElo "2569"]
[TimeControl "180+1"]
[EndTime "13:41:53 PDT"]
[Termination "enriquetejedor won by resignation"]

1. d4 Nf6 2. c4 c5 3. d5 b5 4. cxb5 a6 5. e3 g6 6. Nc3 Bg7 7. Nf3 O-O 8. e4 d6 9. a4 axb5 10. Bxb5 Ba6 11. Bd2 Nbd7 12. O-O Ne8 13. Qc2 Nc7 14.
Bxa6 Rxa6 15. Rfe1 Qa8 16. Bf4 Rb8 17. Rad1 Rab6 18. Re2 Rxb2 19. Qxb2 Rxb2 20. Rxb2 Bxc3 21. Ra2 Nb6 22. a5 Nd7 23. Rc1 Bb4 24. Nd4 Nxd5 25. exd5 Qxd5 26. Raa1 Qxd4 27. Be3 Qd5 28. a6 Qa8 29. a7 Nb6 30. Rcb1 Nc8 31. Ra6 Nxa7 32. Rba1 Qe4 33. Rxa7 Kg7 34. h3 d5 35. Rd7 d4 36.
Bg5 f6 37. Raa7 Kf7 38. Bf4 c4 39. g3 c3 40. Rab7 c2 41. Kh2 Ba3 42. Rbc7 d3 43. Be3 g5 44. g4 Qe5+ 45. Kg2 Qe4+ 46. Kg1 Bb4 47. Kh2 d2 48. Bxd2 Bxd2 49. Rxe7+ Qxe7 50. Rxc2 Qe4 51. Kg1 Qxc2 52. Kg2 Be3 0-1

[Event "*** Titled Tuesday Blitz"]
[Site "Chess.com"]
[Date "2020.04.07"]
[Round "4"]
[White "Federtiu"]
[Black "OparinGrigoriy"]
[Result "0-1"]
[WhiteElo "2686"]
[BlackElo "2979"]
[TimeControl "180+1"]
[EndTime "13:41:56 PDT"]
[Termination "OparinGrigoriy won by resignation"]

1. g3 d5 2. Bg2 e5 3. d3 Nf6 4.
Nf3 Bd6 5. O-O O-O 6. Nc3 c6 7. e4 Nbd7 8. Nh4 Nb6 9. h3 h6 10. Kh2 Re8 11. Qf3 Bf8 12. Nf5 Kh7 13. g4 g6 14. Ng3 Qd6 15. a4 a5 16. exd5 cxd5 17.
Nb5 Qd8 18. Be3 Bg7 19. Rfe1 Re6 20. b3 Bd7 21. c4 d4 22. Bd2 Bc6 23. Qe2 Nbd7 24.
Qf1 Nc5 25. Rab1 Bxg2 26. Kxg2 Qd7 27. f4 Qc6+ 28. Kh2 Rae8 29. fxe5 Rxe5 30. Rxe5 Rxe5 31. Nxd4 Qd6 32. Nb5 Qxd3 33. Qxd3 Nxd3 34. Bxa5 Ne4 35. Rd1 Ndc5 36. Bc7 Re7 37. Nxe4 Rxe4 38. Bb6 Nxb3 39. Rd7 Rxc4 40. a5 Rb4 41. Nd6 Be5+ 42. Kg2 Bxd6 43. Rxd6 Rb5 44. Rd7 Kg8 45. Rd8+ Kg7 46. Ra8 g5 47.
Ra7 Kg6 48. Kf3 f5 49. gxf5+ Rxf5+ 50. Ke3 Rf7 51. Kd3 h5 52. Kc4 Nd2+ 53. Kd5 g4 54.
hxg4 hxg4 55. Ra8 Kf5 56. Re8 Nf3 57. Rg8 Rd7+ 58. Kc4 Ne5+ 59. Kb5 Ng6 60. Re8 g3 61. Re3 g2 62. Rg3 Nf4 63. Be3 Rd3 64. Rf3 Rxe3 0-1

[Event "*** Titled Tuesday Blitz"]
[Site "Chess.com"]
[Date "2020.04.07"]
[Round "4"]
[White "CyberneticLion"]
[Black "Gajuchess"]
[Result "1-0"]
[WhiteElo "2521"]
[BlackElo "2675"]
[TimeControl "180+1"]
[EndTime "13:41:56 PDT"]
[Termination "CyberneticLion won by resignation"]

1. d4 Nf6 2. Bf4 e6 3. e3 d5 4.
c3 Bd6 5. Bg3 O-O 6. Nd2 b6 7.
Ngf3 c5 8. Bd3 Ba6 9. Bxa6 Nxa6 10. Ne5 Nc7 11. O-O Ne4 12. Nxe4 dxe4 13. Nc4 Bxg3 14.
hxg3 Qd5 15. Nd2 f5 16. Qb3 Rad8 17. Qxd5 exd5 18. dxc5 bxc5 19. Nb3 Ne6 20. Rfd1 Rd6 21. Rd2 Rfd8 22. Rad1 Kf7 23. Nc1 a5 24. Ne2 g5 25. c4 d4 26. exd4 cxd4 27. c5 Rd5 28. c6 d3 29. Nc3 Rc5 30. g4 Kf6 31. f3 Rxc3 32. bxc3 Nc5 33. fxe4 fxe4 34. Kf2 Rc8 35. Ke3 Rxc6 36. Rf1+ Ke6 37. Rf5 h6 38. Rdf2 Rd6 39. Rf6+ Kd7 40. Rxd6+ Kxd6 41. Rf6+ Kd5 42. Rxh6 Na4 43.
Rg6 Nxc3 44. Rxg5+ Kc4 45. Rg8 Nd5+ 46. Kd2 e3+ 47.
Kc1 d2+ 48. Kc2 Nc3 49. Rc8+ Kd4 50. Rxc3 d1=Q+ 51. Kxd1 Kxc3 52. g5 Kb2 53. g6 Kxa2 54. g7 a4 55. g8=Q+ Kb2 56. Ke2 a3 57. Kxe3 a2 58. Qxa2+ Kxa2 1-0

[Event "*** Titled Tuesday Blitz"]
[Site "Chess.com"]
[Date "2020.04.07"]
[Round "4"]
[White "arctic_t00"]
[Black "nfds"]
[Result "1-0"]
[WhiteElo "2404"]
[BlackElo "2574"]
[TimeControl "180+1"]
[EndTime "13:41:57 PDT"]
[Termination "arctic_t00 won by resignation"]

1. Nf3 Nf6 2. c4 e6 3. d4 Bb4+ 4. Nbd2 O-O 5. a3 Be7 6. e4 d6 7. Bd3 c5 8. O-O cxd4 9. Nxd4 b6 10. b4 Bb7 11. Bb2 Nbd7 12. N4f3 Ng4 13. h3 Bf6 14. Bxf6 Ngxf6 15. Re1 a5 16. Qb3 Qc7 17. Rab1 Rfd8 18. Nd4 axb4 19. axb4 Ne5 20. Nb5 Qe7 21. Bf1 Nh5 22. Qe3 Qf6 23. Qxb6 Bc6 24. Qe3 Ra2 25. Nd4 Bb7 26. Ra1 Rda8 27. Rxa2 Rxa2 28. N2f3 g6 29.
Qb3 Nxf3+ 30. Nxf3 Rb2 31. Qa3 Kg7 32. Re2 Rb1 33. b5 Nf4 34. Re1 Rxe1 35. Nxe1 Bxe4 36. Qe3 d5 37. c5 Qf5 38. c6 d4 39. Qxd4+ e5 40. Qe3 Nd5 41. Qg3 h5 42. b6 Nxb6 43. c7 Bb7 44. Nf3 Bxf3 45. Qxf3 Qd7 46. Qc3 f6 47. Ba6 Nc8 48. Bxc8 Qxc8 49. Qc6 e4 50. Qd6 Qb7 51. Qd8 Qb1+ 52. Kh2 Qc1 53. c8=Q Qf4+ 54. Kg1 Qc1+ 55. Qxc1 1-0

[Event "*** Titled Tuesday Blitz"]
[Site "Chess.com"]
[Date "2020.04.07"]
[Round "4"]
[White "Kobalia"]
[Black "GeorgMeier"]
[Result "0-1"]
[WhiteElo "2603"]
[BlackElo "3003"]
[TimeControl "180+1"]
[EndTime "13:41:59 PDT"]
[Termination "GeorgMeier won on time"]

1. e4 e6 2. d4 d5 3. exd5 exd5 4. Nf3 Bf5 5. Bd3 Ne7 6. O-O Nbc6 7. Re1 Qd7 8. b3 O-O-O 9. Ba3 Ng6 10. Bxf8 Rhxf8 11. Nc3 Rfe8 12. Rxe8 Rxe8 13. Bxf5 Qxf5 14. Qd2 Nf4 15. Re1 Rxe1+ 16. Nxe1 g5 17. g3 Ne6 18. Ne2 h5 19. c3 h4 20. Qd3 Ne7 21. Qxf5 Nxf5 22. g4 Nd6 23. f3 a5 24. Nd3 f6 25. Kf2 b6 26. Ke3 Kd7 27. c4 dxc4 28. Nb2 cxb3 29. axb3 c6 30. Nc3 Nc7 31. Nba4 Nc8 32. Ke4 Ke6 33. f4 Nd5 34. fxg5 fxg5 35. Nxd5 cxd5+ 36. Kd3 h3 37. Ke3 Kd7 38. Kd3 Kc6 39. Nc3 Nd6 40.
Ne2 Ne4 41. Ng1 Nf2+ 42. Kc3 b5 43. Nf3 Ne4+ 44. Kc2 a4 45. bxa4 bxa4 46. Ng1 Kb5 47. Nxh3 Kc4 48. Ng1 Kxd4 49. h4 gxh4 50. Nf3+ Kc4 51.
Nxh4 d4 52. Nf3 d3+ 53. Kb2 Kb4 54. g5 a3+ 55. Ka2 Nxg5 56. Nd2 Ne6 57. Nb1 Nd4 58.
Nd2 Nb5 59. Nb1 Nc3+ 0-1

[Event "*** Titled Tuesday Blitz"]
[Site "Chess.com"]
[Date "2020.04.07"]
[Round "4"]
[White "Agent-JL"]
[Black "bangchess21"]
[Result "0-1"]
[WhiteElo "2418"]
[BlackElo "2647"]
[TimeControl "180+1"]
[EndTime "13:41:59 PDT"]
[Termination "bangchess21 won on time"]

1. Nf3 c5 2. b3 d6 3. Bb2 Nc6 4. e3 e5 5. d3 g6 6. g3 Bg7 7. Bg2 Nge7 8. O-O h6 9. Nbd2 Be6 10. c4 Qd7 11. a3 O-O 12. Qc2 Rac8 13. Bh1 b6 14.
Rfd1 d5 15. cxd5 Nxd5 16. Nc4 Qc7 17. Rac1 Kh7 18. Ne1 Qb8 19. Qe2 Nde7 20. Bg2 Rfd8 21. f4 Bd5 22. fxe5 Nxe5 23. Bxd5 Nxd5 24. Ng2 Re8 25.
Nxe5 Bxe5 26. Bxe5 Qxe5 27. Qf3 Kg7 28. Re1 Qe6 29.
Rc4 Qd7 30. d4 Nf6 31. Rd1 Red8 32. Nf4 b5 33. Rcc1 cxd4 34. Rxc8 Qxc8 35. exd4 Qc2 36. Qd3 Qxd3 37. Rxd3 Nd5 38. Nxd5 Rxd5 39. Kf2 f5 40. Ke3 Kf6 41. Rc3 Rd6 42. Rc7 a6 43. Rh7 h5 44.
Rb7 g5 45. a4 bxa4 46. bxa4 Re6+ 47. Kd3 h4 48. gxh4 gxh4 49. a5 Kg5 50. Rb6 Re8 51. Rxa6 f4 52. Rb6 f3 53. a6 f2 54. Rb1 Re1 0-1

[Event "*** Titled Tuesday Blitz"]
[Site "Chess.com"]
[Date "2020.04.07"]
[Round "4"]
[White "Semen_Khanin"]
[Black "pedroholly22"]
[Result "1-0"]
[WhiteElo "2632"]
[BlackElo "2326"]
[TimeControl "180+1"]
[EndTime "13:41:59 PDT"]
[Termination "Semen_Khanin won by resignation"]

1. e4 c5 2. Nf3 Nc6 3. d4 cxd4 4. Nxd4 Nf6 5. Nc3 e5 6. Ndb5 d6 7. Bg5 a6 8. Na3 b5 9. Bxf6 gxf6 10. Nd5 Bg7 11. c3 f5 12. exf5 Bxf5 13. Nc2 O-O 14. Nce3 Be6 15. Bd3 f5 16. O-O Ra7 17. f4 e4 18. Bc2 b4 19. Ba4 Qc8 20. Bxc6 Qxc6 21. Nxb4 Qb6 22. Qd2 a5 23. Nd5 Bxd5 24. Qxd5+ Kh8 25.
Rae1 Qxb2 26. Nxf5 Bxc3 27. Rxe4 Qb6+ 28. Kh1 Qc5 29.
Qxc5 dxc5 30. Nd6 Rd7 31. Nc4 Rd4 32. Rxd4 cxd4 33. Ne5 Rb8 34. Nd3 Re8 35. Rd1 Re2 36. a4 Ra2 37. Nc5 Bb4 38. Nb3 Rxa4 39. Nxd4 Bc3 40.
Ne6 Kg8 41. g4 Kf7 42. Rd6 Ke7 43. Rc6 Bf6 44. g5 Bg7 45. Nxg7 Rxf4 46. Rc7+ Kf8 47. Ne6+ Ke8 48. Nxf4 a4 49. Ra7 a3 50. Rxa3 Ke7 51.
Ra7+ Kd6 52. Rxh7 Ke5 53. g6 Kf5 54. g7 Ke5 55. g8=Q Kf5 56. Rf7+ Ke5 57. Qe8+ Kd4 58. Rd7+ Kc3 1-0

[Event "*** Titled Tuesday Blitz"]
[Site "Chess.com"]
[Date "2020.04.07"]
[Round "4"]
[White "Maili15"]
[Black "DerSchachaffe"]
[Result "0-1"]
[WhiteElo "2289"]
[BlackElo "2476"]
[TimeControl "180+1"]
[EndTime "13:42:00 PDT"]
[Termination "DerSchachaffe won on time"]

1. d4 Nf6 2. c4 g6 3. Nc3 d5 4. cxd5 Nxd5 5. e4 Nxc3 6. bxc3 Bg7 7. Nf3 c5 8. Rb1 O-O 9. Be2 Nc6 10. d5 Ne5 11.
Nxe5 Bxe5 12. Qd2 e6 13. c4 Qh4 14. Bf3 exd5 15. cxd5 b6 16. Bb2 Bxb2 17. Rxb2 Ba6 18.
Rb3 Rfe8 19. Re3 Qf6 20. Qc1 Qd4 21. Qc3 Qa4 22. Qa3 Qb5 23. Qb3 Qa5+ 24. Kd1 Bb5 25. Kc1 c4 26. Qa3 Ba4 27. Bd1 b5 28. Bxa4 bxa4 29. Rd1 Rab8 30. Qc3 Qb5 31. Qc2 a3 32. Rxa3 Qc5 33. Rc3 Rb4 34. f3 Rd8 35. Kd2 Qf2+ 36.
Kc1 Qc5 37. Rd2 Rdb8 38. Rd1 h5 39. d6 Qg5+ 40. Rd2 Rb1+ 41. Qxb1 Rxb1+ 42. Kxb1 Qxd2 43.
Rxc4 Qxd6 44. Rc2 Qxh2 45. Kc1 Qf4+ 46. Kb2 Qe5+ 47. Kb3 h4 48. Kc4 Kg7 49. Kd3 Kf6 50. Rf2 Qg3 51. Ke3 Ke5 52. Ke2 Kf4 53. Kf1 h3 54.
gxh3 Qxh3+ 55. Ke2 Qh1 56. Rf1 Qg2+ 57. Rf2 Qg3 0-1

[Event "*** Titled Tuesday Blitz"]
[Site "Chess.com"]
[Date "2020.04.07"]
[Round "4"]
[White "flomarechot"]
[Black "MrrRefrao"]
[Result "1-0"]
[WhiteElo "2182"]
[BlackElo "2411"]
[TimeControl "180+1"]
[EndTime "13:42:00 PDT"]
[Termination "flomarechot won on time"]

1. Nf3 d5 2. b3 Nf6 3. Bb2 e6 4. e3 Be7 5. c4 O-O 6. Be2 c5 7. O-O Nc6 8. cxd5 Nxd5 9. d4 Bf6 10.
e4 Nf4 11. e5 Nxe2+ 12. Qxe2 Be7 13. Rd1 cxd4 14. Nxd4 Qa5 15. Qb5 a6 16. Qxa5 Nxa5 17. Ba3 Bxa3 18. Nxa3 Bd7 19. Rac1 Rac8 20. h4 Rfd8 21.
f3 Be8 22. Rxc8 Rxc8 23. Kf2 b5 24. Ke3 Kf8 25. g4 Ke7 26. f4 Rc3+ 27. Rd3 Rc1 28. Rd2 Rg1 29. Kf3 Nc6 30. Nac2 Rh1 31. h5 Rf1+ 32.
Ke3 Rg1 33. Kf3 f6 34. exf6+ gxf6 35. Re2 e5 36. fxe5 fxe5 37. Nxc6+ Bxc6+ 38. Kf2 Rg2+ 39. Kf1 Rxg4 40. Rxe5+ Kf6 41. Rc5 Be4 42. Ne3 Rg5 43. Rc7 Rxh5 44. Ng4+ Kg5 45. Ne3 Rh1+ 46. Kf2 Rh2+ 47.
Kg3 Rxa2 48. Re7 Bg6 49. Re5+ Kh6 50. Rc5 Rb2 51. Ng4+ Kg7 52. Rc7+ Kf8 53. b4 Rb3+ 54. Kh4 Rxb4 55. Kg5 Ke8 56. Ne5 Re4 57. Kf6 Kd8 58. Ra7 b4 59. Rxa6 b3 60. Rb6 Re3 61. Ke6 Kc7 62.
Rb4 Rg3 63. Kd5 1-0

[Event "*** Titled Tuesday Blitz"]
[Site "Chess.com"]
[Date "2020.04.07"]
[Round "4"]
[White "youngKID"]
[Black "swayamsm"]
[Result "1/2-1/2"]
[WhiteElo "2815"]
[BlackElo "2587"]
[TimeControl "180+1"]
[EndTime "13:42:01 PDT"]
[Termination "Game drawn by repetition"]

1. Nf3 Nf6 2. g3 g6 3. Bg2 Bg7 4. O-O O-O 5. c4 c5 6. Nc3 Nc6 7. d4 cxd4 8. Nxd4 Qa5 9. Nc2 d6 10. Ne3 Qh5 11. Ned5 Nxd5 12. Nxd5 Bg4 13. Re1 Rac8 14.
Rb1 Rfe8 15. Be3 b6 16. b3 g5 17. Qd2 h6 18. Rbc1 Bh3 19. Bf3 Bg4 20. Bh1 Be6 21.
Nb4 Ne5 22. f3 Red8 23. Bd4 Qg6 24. Nd5 Kf8 25. Bg2 h5 26. f4 gxf4 27. Nxf4 Qh6 28.
Rf1 Kg8 29. Qd1 h4 30. Nxe6 hxg3 31. hxg3 fxe6 32. Rc3 Rf8 33. Bxe5 Bxe5 34. Rcf3 Rf6 35. Rxf6 Bxf6 36. Qd3 Rc5 37. Rf4 Rg5 38. Qe4 Rxg3 39. Qxe6+ Kg7 40. Qf5 Rg5 41. Rg4 Rxg4 42. Qxg4+ Qg5 43.
Qxg5+ Bxg5 44. Bd5 Kf6 45. Kg2 Ke5 46. Kf3 Kd4 47. a4 Kc3 48. e4 Kb4 49. e5 dxe5 50.
Ke4 Bf6 51. Be6 a5 52. Bd5 Bh4 53. Kxe5 Bf2 54. c5 Bxc5 55. Bc4 Kc3 56. Ke6 Kd4 57.
Bd5 Kc3 58. Bc4 b5 59. Bxb5 Kxb3 60. Bc6 Kb4 61. Bd7 Bd6 62. Be8 Kc5 63. Bd7 Kb4 64. Be8 Kc5 65. Bd7 Kb4 1/2-1/2

[Event "*** Titled Tuesday Blitz"]
[Site "Chess.com"]
[Date "2020.04.07"]
[Round "4"]
[White "Micki-taryan"]
[Black "Jumbo"]
[Result "1-0"]
[WhiteElo "3072"]
[BlackElo "2801"]
[TimeControl "180+1"]
[EndTime "13:42:03 PDT"]
[Termination "Micki-taryan won by resignation"]

1. d4 Nf6 2. Nf3 g6 3. Nc3 d5 4. Bf4 c6 5. e3 Bg7 6. h3 O-O 7.
Be2 b5 8. O-O Nbd7 9. a4 b4 10.
Na2 a5 11. c3 bxc3 12. bxc3 Ba6 13. Rb1 Qc8 14. Nd2 Re8 15. Nc1 e5 16. Bh2 Bxe2 17.
Qxe2 c5 18. dxe5 Nxe5 19. Rb5 Ned7 20. Ncb3 Ne4 21. Nxe4 Rxe4 22. Qd2 c4 23. Nd4 Nc5 24. Qc2 Bf8 25. Rfb1 Qd7 26. Nf3 Ree8 27. Be5 Rec8 28.
Bd4 Nb3 29. Ne5 Qe6 30. Ng4 Bg7 31. Bxg7 Kxg7 32. Qd1 Rd8 33. R1xb3 cxb3 34. Qd4+ Kf8 35. Rb7 Rd7 36. Qh8+ Ke7 37. Qxa8 Qc6 38. Rxd7+ Qxd7 39. Ne5 Qxa4 40. Nc6+ Kd6 41. Qf8+ Kc7 42. Qd8+ Kb7 43. Qb8+ Ka6 44. Nd4 Qa1+ 45. Kh2 Qa4 46. Nxb3 Qb5 47. Qa8+ Kb6 48. Nd4 Qd7 49. Qb8+ Qb7 50. Qd6+ Ka7 51.
Qc5+ Qb6 52. Qxd5 a4 53. Qd7+ Kb8 54. Qxa4 Qd6+ 55. g3 1-0

[Event "*** Titled Tuesday Blitz"]
[Site "Chess.com"]
[Date "2020.04.07"]
[Round "4"]
[White "nurgyulsalimova"]
[Black "Tjktiger"]
[Result "0-1"]
[WhiteElo "2559"]
[BlackElo "2856"]
[TimeControl "180+1"]
[EndTime "13:42:03 PDT"]
[Termination "Tjktiger won on time"]

1. d4 Nf6 2. c4 g6 3. Nc3 d5 4. cxd5 Nxd5 5. e4 Nxc3 6. bxc3 Bg7 7. Nf3 c5 8. Rb1 O-O 9. Be2 cxd4 10. cxd4 Qa5+ 11.
Bd2 Qxa2 12. d5 Bg4 13. Rxb7 Nd7 14. O-O Rfb8 15. Rxb8+ Rxb8 16. Bg5 Rb2 17. Bd3 Ne5 18. Bb1 Bxf3 19. gxf3 Rxb1 20. Qxb1 Nxf3+ 21. Kg2 Qxb1 22. Rxb1 Nxg5 23. Rb8+ Bf8 24. e5 Kg7 25. Ra8 f6 26. f4 Nf7 27. e6 Nd6 28. Rxa7 Nf5 29. Kf3 h5 30. h3 Nd6 31. Rd7 f5 32. Ke3 Kf6 33. Rd8 Bh6 34. Kf3 Ne4 35. Rh8 Bg7 36.
Ra8 g5 37. fxg5+ Nxg5+ 38. Kg3 Kg6 39. d6 Be5+ 40. Kg2 Bxd6 41. Rg8+ Kf6 42. Rh8 Nxe6 43. Rh6+ Kf7 44. Kf3 Ng7 45. Rh8 Be5 46. Ra8 Bf6 47. Ra6 Kg6 48. Ra4 e5 49. Ra6 e4+ 50. Kf4 h4 51.
Rc6 Nh5+ 52. Ke3 Kg5 53. Rc8 Be5 54. Rg8+ Bg7 55. Rc8 Ng3 56. Rg8 Kf6 0-1